 Dungeon Crawl Stone Soup version 0.28.0-43-g3370ac3207 (webtiles) character file.

Game seed: 10107660543926552406

2624 issech the Basher (level 9, -25/76 HPs)
             Began as a Troll Monk on Mar 22, 2022.
             Was a Believer of Hepliaklqana.
             Killed from afar by a fire dragon (47 damage)
             ... with a blast of flame
             ... on level 8 of the Dungeon.
             The game lasted 00:36:05 (6874 turns).

issech the Basher (Troll Monk)                      Turns: 6874, Time: 00:36:05

Health: -25/76     AC: 10    Str: 21    XL:     9   Next: 34%
Magic:  8/8        EV: 11    Int:  6    God:    Hepliaklqana [**....]
Gold:   382        SH:  9    Dex: 16    Spells: 8/8 levels left

rFire   . . .      SeeInvis +   J - +0 flail
rCold   . . .      Faith    .   g - +0 kite shield
rNeg    . . .      Spirit   .   r - +0 animal skin
rPois   .          Reflect  .   (helmet restricted)
rElec   .          Harm     .   G - +1 cloak
rCorr   .          Rampage  .   (gloves unavailable)
Will    .....                   (boots unavailable)
Stlth   ++........              (no amulet)
HPRegen 1.02/turn               d - +4 ring of protection
MPRegen 0.11/turn               o - ring of see invisible

@: studying Throwing
A: reduced essence, large, unfitting armour, claws 3, regeneration 1, shaggy fur
1, tough skin 1
a: Renounce Religion, Recall Ancestor, Ancestor Identity


You were on level 8 of the Dungeon.
You worshipped Hepliaklqana.
Hepliaklqana was pleased with you.
You visited 2 branches of the dungeon, and saw 9 of its levels.
You also visited: Sewer.

You collected 382 gold pieces.

Inventory:

Hand Weapons
 a - a +0 mace
 x - a +0 short sword of speed
 I - a +1 short sword of draining
 J - a +0 flail (weapon)
 O - a +0 giant club
Missiles
 b - 21 bolts
 c - 294 stones (quivered)
 e - 30 arrows
 m - a boomerang
 t - 23 poisoned darts
 A - 36 sling bullets
 B - 2 throwing nets
 M - a boomerang of dispersal
Armour
 g - a +0 kite shield (worn)
 r - a +0 animal skin (worn)
 G - a +1 cloak (worn)
Magical Staves
 f - a staff of death
 F - a staff of air
Jewellery
 d - a +4 ring of protection (left claw)
 o - a ring of see invisible (right claw)
 L - a ring of magical power
Wands
 n - a wand of flame (18)
 y - a wand of acid (14)
 S - a wand of iceblast (9)
Scrolls
 j - 2 scrolls of vulnerability
 k - 2 scrolls of teleportation
 q - a scroll of fear {unknown}
 s - a scroll of immolation {unknown}
 C - a scroll of holy word
 D - a scroll of silence
 E - 2 scrolls of amnesia
 H - 2 scrolls of blinking
 P - a scroll of enchant armour
 Q - a scroll of magic mapping
 R - a scroll of brand weapon {unknown}
Potions
 h - 3 potions of degeneration {unknown}
 i - a potion of cancellation {unknown}
 l - a potion of ambrosia {unknown}
 p - 4 potions of attraction {unknown}
 u - 2 potions of flight
 v - 3 potions of curing
 w - 3 potions of heal wounds
 z - a potion of berserk rage {unknown}
 K - 2 potions of lignification {unknown}
 N - a potion of brilliance {unknown}


   Skills:
 + Level 4.7 Fighting
 + Level 8.0 Maces & Flails
 + Level 1.7 Throwing
 + Level 5.2 Dodging
 + Level 2.0 Stealth
 + Level 4.3 Shields


You had 8 spell levels left.
You didn't know any spells.
Your spell library contained the following spells:

 Spells                   Type           Power      Damage    Failure   Level
 Sublimation of Blood     Necr           0%         N/A       86%         2
 Wereblood                Tmut           0%         N/A       86%         2
 Call Canine Familiar     Summ           0%         N/A       98%         3
 Dazzling Flash           Conj/Hex       0%         N/A       98%         3
 Portal Projectile        Hex/Tloc       0%         N/A       98%         3
 Leda's Liquefaction      Hex/Erth       0%         N/A       100%        4
 Agony                    Necr           0%         N/A       100%        5
 Silence                  Hex/Air        0%         N/A       100%        5
 Summon Hydra             Summ           0%         N/A       100%        7


Dungeon Overview and Level Annotations

Branches:
Dungeon (8/15)             Temple (1/1) D:7            Lair (0/6) D:8
  Sewer (visited)

Altars:
Ashenzari
Cheibriados
Dithmenos
Elyvilon
Fedhas
Gozag
Hepliaklqana
Kikubaaqudgha
Makhleb
Nemelex Xobeh
Okawaru
Qazlal
Ru
Sif Muna
Trog
Uskayaw
Vehumet
Wu Jian
Xom
Yredelemnul
Zin
The Shining One

Shops:
D:6 [


Innate Abilities, Weirdness & Mutations

Your life essence is reduced to manifest your ancestor. (-10% HP)
You are too large for most types of armour.
You have claws for hands.
Your natural rate of healing is unusually fast.
You are covered in fur. (AC +1)
You have tough skin. (AC +1)


Message History

Zarja hits the fire dragon with a +0 quarterstaff!!
The fire dragon barely misses you. The fire dragon claws you.
The fire dragon tramples you but does no damage.
Unknown command.
You hit the fire dragon but do no damage.
The fire dragon is heavily wounded.
Zarja gestures at the fire dragon while chanting.
The puff of frost hits the fire dragon.
The fire dragon is frozen!
The fire dragon barely misses Zarja.
The fire dragon claws Zarja but does no damage.
The fire dragon completely misses Zarja.
You barely miss the fire dragon.
The fire dragon is heavily wounded.
Zarja barely misses the fire dragon.
The fire dragon bites you! The fire dragon claws you!
The fire dragon tramples you!
You hold your ground!
You closely miss the fire dragon.
The fire dragon is heavily wounded.
Zarja hits the fire dragon with a +0 quarterstaff!
The fire dragon breathes flames at you. The blast of flame hits you!!
* * * LOW HITPOINT WARNING * * *
You closely miss the fire dragon.
The fire dragon is severely wounded.
Zarja casts a spell at the fire dragon.
The stone arrow misses the fire dragon.
The fire dragon bites you.
* * * LOW HITPOINT WARNING * * *
The fire dragon claws you.
* * * LOW HITPOINT WARNING * * *
The fire dragon closely misses you.
Zarja hits the fire dragon with a +0 quarterstaff!
The fire dragon bites Zarja!!
The fire dragon claws Zarja!
The fire dragon closely misses Zarja.
Zarja closely misses the fire dragon.
The fire dragon bites Zarja!
Zarja is destroyed!
The fire dragon breathes flames at you. The blast of flame misses you.
The fire dragon breathes flames at you. The blast of flame hits you!!!
Ouch! That really hurt!
You die...

§§≈§≈......#
≈≈≈≈.(.....#
...........######
##..............#
#######........#
#........#
#....D...#
#........###.#
#....)...@...#
#........#####
#........#
######'### #.#
#.# #.#
#####'####
#........#


You could see a fire dragon (catching breath).

Vanquished Creatures
  Pikel (D:8)
  A troll (D:8)
  Grinder (D:6)
  Sigmund (D:3)
  An orc warrior (D:6)
  An ogre (D:5)
  The ghost of pkoi the Gusty, an amateur DrAE (D:4)
  A phantom (D:7)
  3 kobold brigands
  2 bullfrogs
  2 scorpions
  A howler monkey (D:4)
  A bullfrog zombie (D:4)
  A centaur zombie (D:5)
  3 jellies
  An orc priest (D:6)
  A centaur skeleton (D:4)
  A hound (D:5)
  Jessica (D:3)
  2 iguanas
  Terence (D:3)
  Ijyb (D:5)
  An orc wizard (D:6)
  2 killer bee zombies
  Robin (D:3)
  3 gnolls (D:4)
  5 adders
  A river rat (Sewer)
  2 white imps
  5 dart slugs
  14 orcs
  4 bats
  8 endoplasms
  6 giant cockroaches
  16 goblins
  8 hobgoblins
  14 jackals
  10 kobolds
  2 quokkas
  4 ball pythons
  2 frilled lizards (D:2)
  A jackal skeleton (D:4)
  11 rats
149 creatures vanquished.

Vanquished Creatures (collateral kills)
  An ogre (D:7)
  A lemure (D:8)
  A centaur zombie (D:7)
  A hound (D:7)
  A centaur skeleton (D:7)
  A howler monkey zombie (D:7)
  An adder (D:6)
  A shadow imp (D:7)
  A bush (D:6)
9 creatures vanquished.

Vanquished Creatures (others)
  A battlemage (D:8)
1 creature vanquished.

Grand Total: 159 creatures vanquished

Notes
Turn   | Place    | Note
-------+----------+-------------------------------------------
     0 | D:1      | issech the Troll Monk began the quest for the Orb.
     0 | D:1      | Reached XP level 1. HP: 22/22 MP: 0/0
   583 | D:1      | Reached XP level 2. HP: 29/29 MP: 1/1
   949 | D:2      | Reached skill level 3 in Maces & Flails
  1159 | D:2      | Found a faded altar of an unknown god.
  1278 | D:2      | Reached XP level 3. HP: 36/36 MP: 2/2
  1896 | D:3      | Noticed Sigmund
  1988 | D:3      | Killed Sigmund
  1989 | D:3      | Reached skill level 4 in Maces & Flails
  1989 | D:3      | Reached skill level 1 in Shields
  1989 | D:3      | Reached XP level 4. HP: 11/45 MP: 3/3
  1989 | D:3      | Reached XP level 5. HP: 13/53 MP: 4/4
  2371 | D:3      | Noticed Robin
  2397 | D:3      | Killed Robin
  2418 | D:3      | Reached XP level 6. HP: 61/61 MP: 5/5
  2476 | D:3      | Found a glowing drain.
  2494 | Sewer    | Entered a sewer
  2634 | Sewer    | Found a white marble altar of Elyvilon.
  2808 | D:3      | Noticed Terence
  2823 | D:3      | Killed Terence
  3001 | D:3      | Noticed Jessica
  3012 | D:3      | Killed Jessica
  3013 | D:3      | Reached skill level 5 in Maces & Flails
  3131 | D:4      | Noticed pkoi's ghost (amateur DrAE)
  3144 | D:4      | Found a runed translucent door.
  3252 | D:4      | Reached XP level 7. HP: 63/67 MP: 6/6
  3973 | D:4      | Killed pkoi's ghost
  3974 | D:4      | Reached skill level 1 in Throwing
  4105 | D:5      | Entered Level 5 of the Dungeon
  4174 | D:5      | Noticed Ijyb
  4200 | D:5      | Killed Ijyb
  4659 | D:6      | Found Tosottuhedgh's Armour Boutique.
  4670 | D:6      | Reached XP level 8. HP: 77/78 MP: 7/7
  4768 | D:6      | Found a hazy altar of Hepliaklqana.
  4791 | D:6      | Reached skill level 6 in Maces & Flails
  5028 | D:6      | Became a worshipper of Hepliaklqana the Forgotten
  5028 | D:6      | Reached * piety under Hepliaklqana
  5028 | D:6      | Reached ** piety under Hepliaklqana
  5029 | D:6      | Remembered your ancestor Zarja as a battlemage
  5079 | D:6      | Noticed Grinder
  5094 | D:6      | Killed Grinder
  5393 | D:7      | Reached skill level 7 in Maces & Flails
  5812 | D:7      | Found a staircase to the Ecumenical Temple.
  5827 | Temple   | Entered the Ecumenical Temple
  6473 | D:8      | Noticed Pikel
  6491 | D:8      | Killed Pikel
  6492 | D:8      | Reached skill level 5 in Dodging
  6492 | D:8      | Reached XP level 9. HP: 40/76 MP: 8/8
  6575 | D:8      | Noticed a troll
  6585 | D:8      | Killed a troll
  6599 | D:8      | Reached skill level 8 in Maces & Flails
  6850 | D:8      | Found a staircase to the Lair.
  6851 | D:8      | Noticed a fire dragon
  6874 | D:8      | Killed from afar by a fire dragon

Illustrated notes

Levels and vault maps discovered:
D:1:      minmay_arrival_radiant_lines, layout_loops_corners
D:2:      layout_basic, serial_corexii_hall, corexii_hall_statues_t,
          corexii_hall_statues_t, dreamdust_ecumenical_altar_statues
D:3:      layout_loops_ring, portal_sewer_entry_e, st_stairs_7, uniq_sigmund,
          uniq_robin, uniq_jessica, uniq_terence
D:4:      layout_loops_ring, hellmonk_ghost_happy_afterlife,
          minmay_manual_macuahuitl
D:5:      layout_rooms, uniq_ijyb
D:6:      layout_basic, mainiacjoe_overflow_cross_hatched, serial_shops, shop,
          uniq_grinder
D:7:      layout_basic, minmay_temple_entry_purple_smoke,
          kennysheep_generic_room_9
D:8:      layout_basic, minmay_lair_entry_lava, uniq_pikel
Temple:   mainiacjoe_temple_hex_bubbles

Skill      XL: |  1  2  3  4  5  6  7  8  9 |
---------------+----------------------------+-----
Maces & Flails | 3 4 5 7 8 |  8.0
Fighting       | 3 4 |  4.7
Dodging        | 3 4 5 |  5.2
Shields        | 1 2 4 |  4.3
Throwing       | 1 |  1.7
Stealth        | 2 |  2.0

Action                   |  1- 3 |  4- 6 |  7- 9 || total
-------------------------+-------+-------+-------++-------
Melee: Mace              |   126 |   213 |    57 ||   396
       Flail             |       |       |   240 ||   240
Throw: Stone             |     3 |       |    22 ||    25
Invok: Ancestor Life: Ba |       |       |     1 ||     1
  Use: Scroll            |       |       |     8 ||     8
 Stab: Sleeping          |       |       |     3 ||     3
Armor: Robe              |    47 |    98 |       ||   145
       Animal skin       |       |    10 |   107 ||   117
Dodge: Dodged            |    66 |   109 |   132 ||   307
Block: Kite shield       |    43 |   121 |   140 ||   304
